 Dungeon Crawl Stone Soup version 0.30.1-4-g462c640d31 (webtiles) character file.

Game seed: 15612833758063696100

137 growler the Ruffian (level 5, -4/45 HPs)
             Began as a Ghoul Monk on Aug 24, 2023.
             Slain by Pikel
             ... wielding a +2 whip of flaming
              (10 damage)
             ... on level 3 of the Dungeon.
             The game lasted 00:07:22 (2413 turns).

growler the Ruffian (Ghoul Monk)                    Turns: 2413, Time: 00:07:22

Health: -4/45      AC:  5    Str: 21    XL:     5   Next: 20%
Magic:  13/13      EV: 12    Int:  7    God:
Gold:   142        SH:  0    Dex: 11    Spells: 4/4 levels left

rFire   + .          .
                       - Unarmed
rCold   + . .        c - orb {light}
rNeg    + + +        w - +2 robe {rF+}
rPois   ∞            l - +0 hat
rElec   .            o - +0 cloak
rCorr   .            (no gloves)
SInv    .            (no boots)
Will    .....        (no amulet)
Stlth   +            r - +6 ring of strength
HPRegen 0.00/turn    v - ring of magical power
MPRegen 0.13/turn

%: no passive effects
@: confused, ambrosia-drunk, inhibited regen, glowing
A: claws 1, cold resistance 1, negative energy resistance 3, inhibited
regeneration, torment resistance 2, devour on kill
a: no special abilities


You were on level 3 of the Dungeon.
You visited 1 branch of the dungeon, and saw 4 of its levels.

You collected 142 gold pieces.

Inventory:

Armour
 a - a +0 robe
 c - an orb of light (worn)
 i - a +0 pair of gloves
 l - a +0 hat (worn)
 o - a +0 cloak (worn)
 w - a +2 robe of fire resistance (worn)
Jewellery
 r - a +6 ring of strength (left claw)
 v - a ring of magical power (right claw)
Scrolls
 g - 8 scrolls of identify {unknown}
 h - a scroll of amnesia {unknown}
 j - a scroll of enchant armour {unknown}
 m - 2 scrolls of fog {unknown}
 n - a scroll of vulnerability {unknown}
 p - a scroll of summoning {unknown}
 s - a scroll of noise {unknown}
 u - 2 scrolls of blinking {unknown}
Potions
 d - a potion of curing
 e - a potion of brilliance {unknown}
 f - 2 potions of flight {unknown}
 k - a potion of lignification {unknown}
 q - a potion of mutation {unknown}
 t - a potion of cancellation {unknown}


   Skills:
 - Level 3.4 Fighting
 - Level 2.7 Dodging
 + Level 6.2 Unarmed Combat


You had 4 spell levels left.
You didn't know any spells.
Your spell library contained the following spells:

 Spells                   Type           Power      Damage    Failure   Level
 Blink                    Tloc           0%         N/A       56%         2
 Lesser Beckoning         Tloc           0%         N/A       56%         2
 Momentum Strike          Conj/Tloc      0%         3d8       56%         2


Dungeon Overview and Level Annotations

Branches:
Dungeon (4/15)
 Temple: D:4-7

Altars:

Annotations:
D:3 Pikel


Innate Abilities, Weirdness & Mutations

You are immune to poison.
You have sharp fingernails.
Your flesh is cold resistant. (rC+)
You are immune to negative energy. (rN+++)
You do not regenerate when monsters are visible.
You are immune to unholy pain and torment.
You thrive by killing the living.


Message History

* * * LOW HITPOINT WARNING * * *
You scratch Pikel.
Pikel is heavily wounded.
Pikel barely misses you. Pikel attacks as you move away!
Pikel closely misses you.
You see here a +0 hand axe.
Pikel attacks as you move away!
Pikel hits you with a +2 whip of flaming!
* * * LOW HITPOINT WARNING * * *
Pikel burns you.
* * * LOW HITPOINT WARNING * * *
There is a stone staircase leading up here.
It was a potion of curing.
You feel better.
Pikel hits you with a +2 whip of flaming.
* * * LOW HITPOINT WARNING * * *
Pikel burns you.
* * * LOW HITPOINT WARNING * * *
You feel better. Pikel closely misses you.
Pikel hits you with a +2 whip of flaming.
* * * LOW HITPOINT WARNING * * *
You climb upwards.
There is a stone staircase leading down here.
You are confused.
You feel invigorated.
Pikel hits you with a +2 whip of flaming.
* * * LOW HITPOINT WARNING * * *
Pikel burns you.
* * * LOW HITPOINT WARNING * * *
You bump into the rock wall.
Pikel hits you with a +2 whip of flaming.
* * * LOW HITPOINT WARNING * * *
You bump into the rock wall.
Pikel hits you with a +2 whip of flaming!
* * * LOW HITPOINT WARNING * * *
Pikel burns you.
* * * LOW HITPOINT WARNING * * *
You're too confused to move!
Pikel says, "You'll burn in Gehenna!"
Pikel hits you with a +2 whip of flaming!
You die...

.#.# #.##.# #.# .#.# #.##.###.#
...# #.##.##..#
#..##########.##.##.##
...............#.##.#
.#.#############....########
...........#...#.###.......#
..###)..##.....#K# #.......#
...##...###.....@# #.......#
#.......# ##...#.# #†......#
.#.##...####...#.# #.......#
.#.##...##.....#.# #.......#
.#.##...##...###.###.......#
.#.##...##...#....##.......#
.#.##...######....##.......#
.#.##...# #....##.......######
...##...######...................


You could see Pikel.

Vanquished Creatures
  A lemure (D:3)
  Blork the orc (D:4)
  3 adders
  2 dart slugs
  3 orcs
  4 ball pythons
  A bat (D:2)
  3 endoplasms
  A giant cockroach (D:2)
  3 goblins
  A hobgoblin (D:3)
  7 kobolds
  4 quokkas
  3 frilled lizards
  3 rats
40 creatures vanquished.

Notes
Turn   | Place    | Note
-------+----------+-------------------------------------------
     0 | D:1      | growler the Ghoul Monk began the quest for the Orb.
     0 | D:1      | Reached XP level 1. HP: 19/19 MP: 0/0
   550 | D:1      | Reached XP level 2. HP: 26/26 MP: 1/1
   686 | D:1      | Found a faded altar of an unknown god.
   903 | D:2      | Reached skill level 4 in Unarmed Combat
   976 | D:2      | Reached XP level 3. HP: 31/31 MP: 2/2
  1533 | D:3      | Reached skill level 5 in Unarmed Combat
  1675 | D:3      | Reached XP level 4. HP: 37/38 MP: 3/3
  2062 | D:4      | Noticed a lemure
  2062 | D:4      | Noticed Blork the orc
  2198 | D:4      | Killed Blork the orc
  2199 | D:4      | Reached skill level 6 in Unarmed Combat
  2199 | D:4      | Reached XP level 5. HP: 29/45 MP: 4/4
  2207 | D:3      | Killed a lemure
  2360 | D:4      | Noticed a lemure
  2360 | D:4      | Noticed a lemure
  2363 | D:4      | Noticed Pikel
  2405 | D:4      | HP: 2/45 [Pikel/+2 whip of flaming (10)]
  2412 | D:3      | HP: 2/45 [Pikel/+2 whip of flaming (1)]
  2413 | D:3      | Slain by Pikel

Illustrated notes

Levels and vault maps discovered:
D:1:      minmay_arrival_loop, layout_basic, shapermc_ecumenical_altar_gd,
          minmay_statues_item
D:2:      layout_rooms, grunt_ministairs_14, minmay_3d_cube
D:3:      layout_basic
D:4:      black_bear_nest_1, layout_basic, bloody_makhleb,
          minmay_temple_entry_butterflies, gup_sewer_entry_bubbles,
          nicolae_shop_i_like_small_books_too, minmay_misc_feat_diagonals,
          kennysheep_generic_room_5, uniq_eustachio, uniq_blork_the_orc,
          uniq_pikel

Skill      XL: |  1  2  3  4 |
---------------+-------------+-----
Unarmed Combat | 4 5 6 |  6.2
Fighting       | |  3.4
Dodging        | |  2.7

Action                     |  1- 3 |  4- 6 || total
---------------------------+-------+-------++-------
  Melee: Unarmed           |    78 |    41 ||   119
    Use: Potion            |       |     4 ||     4
 Armour: Robe              |    15 |     3 ||    18
  Dodge: Dodged            |    41 |    20 ||    61
